cohdb
Replays
Latest Replays
All Replays
Popular Replays
Top Player Replays
Match Explorer
How It Works
Community
CoH3 Stats
Reddit
Sign in to upload your games and track your stats! →
Sign in with Steam
good game vs janko and dirkradix
Match 20042268
Overview
Messages
Build Orders
End
Construct Section Command Post
Royal Engineer Section
Dingo Light Scout Car
Selects Indian Artillery Battlegroup
Infantry Section
Infantry Section
Selects Towed ML 4.2-inch Heavy Mortar
Construct Platoon Command Post
Towed ML 4.2-inch Heavy Mortar
6-pounder Anti-tank Gun Team
Grenade Package
Selects Valour
6-pounder Anti-tank Gun Team
Selects Gurkha Rifles Section
Gurkha Rifles Section
Construct Company Command Post
Matilda II Heavy Tank
Selects Volunteer Infantry
Selects Off-map Airburst Barrage
Matilda II Heavy Tank
Unlock Bishop Self-propelled Artillery
Bishop Self-propelled Artillery
Infantry Training
Selects Perimeter Monitor
Crusader II Medium Tank
Crusader II Medium Tank
Crusader II Medium Tank
[82AD] Janko
Dirkradix
Hell's Greatest Dad
Juice Hunter Nitraria
0
0
Comments
sign in to comment!
No comments posted yet!